 Dungeon Crawl Stone Soup version 0.27.0-1-g7a089689b8 (webtiles) character file.

Game seed: 9331188706389199321

2697 robertstho the Thaumaturge (level 9, -1/57 HPs)
             Began as a Djinni Fire Elementalist on Aug 6, 2021.
             Was an Initiate of Gozag.
             Slain by a centaur skeleton (2 damage)
             ... on level 7 of the Dungeon.
             The game lasted 00:10:35 (8919 turns).

robertstho the Thaumaturge (DjFE)                   Turns: 8919, Time: 00:10:36

Health: -1/57      AC:  3    Str:  7    XL:     9   Next: 97%
Gold:   589        EV: 13    Int: 28    God:    Gozag SH:  0 Dex: 14

rFire    + + .     SeeInvis +   t - +0 dagger (venom)
rCold    x x .     Faith    .   (no shield)
rNeg     . . .     Spirit   .   p - +1 robe of Weleviag {rElec rC- Will- Int+8}
rPois    ∞         Reflect  .   (no helmet)
rElec    +         Harm     .   (no cloak)
rCorr    .         Rampage  .   (no gloves)
Will     .....                  (boots unavailable)
Stlth    +++.......             (no amulet)
HPRegen  0.19/turn              r - ring of see invisible
MPRegen  0.00/turn              k - ring of wizardry

@: gold aura, flying
A: sickness immunity, fire resistance 2, cold vulnerability 1, float, innate
caster, hp casting, extra vitality 1
a: Renounce Religion, Potion Petition, Call Merchant, Bribe Branch


You were on level 7 of the Dungeon.
You worshipped Gozag.
Gozag was pleased with you.
You visited 1 branch of the dungeon, and saw 7 of its levels.

You collected 622 gold pieces.
You paid 33 gold pieces to Gozag.

Inventory:

Hand Weapons
 g - a +0 dagger
 t - a +0 dagger of venom (weapon)
Armour
 a - a +1 robe
 p - the +1 robe of Weleviag (worn) {rElec rC- Will- Int+8}
   (You found it on level 4 of the Dungeon)

   Int:       It affects your intelligence (+8).
   rC:        It makes you vulnerable to cold.
   rElec:     It insulates you from electricity.
   Will:      It decreases your willpower.
Jewellery
 e - a ring of resist corrosion
 k - a ring of wizardry (right hand)
 r - a ring of see invisible (left hand)
 y - a ring of wizardry
Wands
 j - a wand of polymorph (6)
 u - a wand of flame (19)
Scrolls
 d - a scroll of enchant armour
 f - a scroll of fog
 l - a scroll of fear
 o - a scroll of blinking
 v - a scroll of immolation {unknown}
 w - a scroll of vulnerability
 z - a scroll of magic mapping
Potions
 b - a potion of cancellation {unknown}
 c - 3 potions of curing {unknown}
 h - 2 potions of lignification {unknown}
 i - 3 potions of flight {unknown}
 m - a potion of magic {unknown}
 n - 2 potions of invisibility {unknown}
 q - 2 potions of mutation {unknown}
 x - a potion of brilliance {unknown}


   Skills:
 + Level 1.1 Fighting
 + Level 0.1 Short Blades
 + Level 3.8 Dodging
 + Level 4.2 Stealth
 * Level 9.3 Spellcasting


You had 2 spell levels left.
You knew the following spells:

 Your Spells              Type           Power      Damage    Failure   Level
a - Foxfire               Conj/Fire      100%       2x1d9     1%          1
b - Conjure Flame         Conj/Fire      60%        6-21      1%          3
c - Inner Flame           Hex/Fire       60%        N/A       1%          3
d - Sticky Flame          Conj/Fire      60%        2d8       1%          4
e - Fireball              Conj/Fire      30%        3d13      1%          5
f - Sandblast             Erth           100%       2d20      1%          1
g - Ensorcelled Hibernat  Hex/Ice        100%       N/A       1%          2
h - Slow                  Hex            60%        N/A       1%          2
i - Dazzling Flash        Conj/Hex       100%       N/A       1%          3
Your spell library was empty.

Dungeon Overview and Level Annotations

Branches:
Dungeon (7/15)             Temple (0/1) D:6

Altars:
Gozag
Hepliaklqana
Okawaru
Qazlal
Sif Muna
Uskayaw
Vehumet


Innate Abilities, Weirdness & Mutations

You are immune to sickness and miasma.
You are immune to poison.
Your flesh is very heat resistant. (rF++)
You are vulnerable to cold. (rC-)
You float through the air rather than walking.
You learn spells naturally, not from books.
Your magical power is your life essence.
You have superior vitality. (+4 HP)


Message History

Unknown command.
A howler monkey comes into view.
A howler monkey zombie comes into view.
A centaur skeleton comes into view.
Casting: Fireball (dangerous; 1% risk of failure)
Confirm with . or Enter, or press ? or * to list all spells.
Aiming: Fireball (dangerous; 1% risk of failure)
Press: ? - help, Shift-Dir - straight line, f - howler monkey
Aim: a howler monkey The fireball explodes!
The fireball engulfs the howler monkey!
The howler monkey is severely wounded.
The howler monkey hoots and howls with incredible vigour!
Unknown command.
Casting: Fireball (dangerous; 1% risk of failure)
Confirm with . or Enter, or press ? or * to list all spells.
Aiming: Fireball (dangerous; 1% risk of failure)
Press: ? - help, Shift-Dir - straight line, f/p - howler monkey
Aim: a howler monkey (severely wounded, catching its breath)
The fireball explodes!
The fireball engulfs the howler monkey!!
You kill the howler monkey!
* * * LOW HITPOINT WARNING * * *
A killer bee zombie comes into view.
Casting: Fireball (dangerous; 1% risk of failure)
Confirm with . or Enter, or press ? or * to list all spells.
Aiming: Fireball (dangerous; 1% risk of failure)
Press: ? - help, Shift-Dir - straight line, f - howler monkey zombie
Aim: a howler monkey zombie The fireball explodes!
The fireball engulfs the howler monkey zombie!!
The howler monkey zombie is severely damaged.
* * * LOW HITPOINT WARNING * * *
A white imp comes into view.
The white imp gestures at you. The puff of frost hits you!
You feel a terrible chill!
* * * LOW HITPOINT WARNING * * *
There is a stone staircase leading up here.
The killer bee zombie closely misses you.
The centaur skeleton hits you.
You die...
Your body crumbles into a pile of gold.

..... ##...........
.....##............
...$$#.............
.......>.....5.....
...)..............#
..............#...#
..........Z.......#
#....ZZ@..#...
##.............
#........#..#.#
..$$........# ##
..............#
..............##
#......$.....##
####.......###
###......


You could see a white imp, a killer bee zombie, a howler monkey zombie and a
centaur skeleton.

Vanquished Creatures
  Duvessa (D:5)
  An orc warrior (D:6)
  A sky beast (D:6)
  4 ogres
  An ice beast (D:5)
  4 centaurs
  A necrophage (D:7)
  A phantom (D:5)
  A kobold brigand (D:4)
  5 scorpions
  Dowan (D:5)
  8 howler monkeys
  A centaur zombie (D:6)
  3 hounds
  2 jellies (D:6)
  2 orc priests
  A bullfrog skeleton (D:5)
  A bullfrog zombie (D:6)
  2 centaur skeletons
  Jessica (D:2)
  A scorpion zombie (D:5)
  2 iguanas
  2 orc wizards
  2 killer bee zombies
  A howler monkey zombie (D:5)
  6 gnolls
  A howler monkey skeleton (D:6)
  8 adders
  An adder skeleton (D:4)
  2 worms (D:2)
  A dart slug (D:1)
  16 orcs
  9 ball pythons
  5 bats
  7 endoplasms
  3 giant cockroaches
  6 hobgoblins
  12 jackals
  6 kobolds
  4 quokkas
  A frilled lizard (D:3)
  7 goblins
  5 rats
150 creatures vanquished.

Vanquished Creatures (others)
  509 foxfires
509 creatures vanquished.

Grand Total: 659 creatures vanquished

Notes
Turn   | Place    | Note
-------+----------+-------------------------------------------
     0 | D:1      | robertstho the Djinni Fire Elementalist began the quest for
                  | the Orb.
     0 | D:1      | Reached XP level 1. HP: 15/15 MP: 0/0
     2 | D:1      | Noticed a draconian
     2 | D:1      | Noticed a felid
     4 | D:1      | Noticed a tengu
     4 | D:1      | Noticed a dwarf
     6 | D:1      | Noticed an ogre
     6 | D:1      | Noticed a naga
     8 | D:1      | Noticed an elf
    10 | D:1      | Noticed a human
    12 | D:1      | Noticed a djinni
    12 | D:1      | Noticed a palentonga
    14 | D:1      | Noticed a vampire
    14 | D:1      | Noticed a minotaur
    16 | D:1      | Noticed a demigod
    18 | D:1      | Noticed a formicid
    18 | D:1      | Noticed a merfolk
    20 | D:1      | Noticed a barachi
    20 | D:1      | Noticed a vine stalker
    22 | D:1      | Noticed a gargoyle
    22 | D:1      | Noticed a demonspawn
    24 | D:1      | Noticed an octopode
    24 | D:1      | Noticed a troll
    26 | D:1      | Noticed a ghoul
    26 | D:1      | Noticed a spriggan
   165 | D:1      | Reached XP level 2. HP: 19/21 MP: 0/0
   548 | D:1      | Reached skill level 3 in Spellcasting
   856 | D:1      | Reached XP level 3. HP: 24/25 MP: 0/0
   856 | D:1      | Learned a level 1 spell: Sandblast
   912 | D:1      | Found a faded altar of an unknown god.
  1777 | D:2      | Reached XP level 4. HP: 25/31 MP: 0/0
  2169 | D:2      | Noticed Jessica
  2174 | D:2      | Killed Jessica
  2175 | D:2      | Reached XP level 5. HP: 31/35 MP: 0/0
  2175 | D:2      | Learned a level 2 spell: Ensorcelled Hibernation
  2268 | D:2      | Reached skill level 4 in Spellcasting
  2762 | D:2      | You are sucked into a shaft and drop 1 floor!
  2769 | D:3      | Reached skill level 1 in Fighting
  3814 | D:4      | Reached XP level 6. HP: 35/42 MP: 0/0
  4086 | D:4      | Reached skill level 5 in Spellcasting
  4202 | D:4      | Noticed an ogre
  4207 | D:4      | Killed an ogre
  4208 | D:4      | Reached XP level 7. HP: 42/47 MP: 0/0
  4208 | D:4      | Learned a level 2 spell: Slow
  4702 | D:4      | Identified the +1 robe of Weleviag {rElec rC- Will- Int+8}
  5073 | D:4      | Found a hide-covered altar of Uskayaw.
  5073 | D:4      | Found a hazy altar of Hepliaklqana.
  5074 | D:4      | Found an opulent altar of Gozag.
  5076 | D:4      | Found a stormy altar of Qazlal.
  5275 | D:4      | Became a worshipper of Gozag Ym Sagoz the Greedy
  5456 | D:5      | Entered Level 5 of the Dungeon
  5570 | D:5      | Reached skill level 6 in Spellcasting
  5946 | D:5      | Reached XP level 8. HP: 50/52 MP: 0/0
  6070 | D:5      | Reached skill level 7 in Spellcasting
  6968 | D:5      | Found an iron altar of Okawaru.
  6983 | D:5      | Noticed Duvessa
  6983 | D:5      | Noticed Dowan
  6986 | D:5      | Killed Duvessa
  6987 | D:5      | Reached skill level 8 in Spellcasting
  6987 | D:5      | Reached XP level 9. HP: 47/57 MP: 0/0
  6987 | D:5      | Learned a level 3 spell: Dazzling Flash
  6991 | D:5      | Killed Dowan
  7955 | D:6      | Identified the +9 hand crossbow of the Big Bang {elec,
                  | Str+4}
  7958 | D:6      | Reached skill level 9 in Spellcasting
  8553 | D:6      | Found a staircase to the Ecumenical Temple.
  8917 | D:7      | HP: 1/57 [white imp/puff of frost (9)]
  8919 | D:7      | Slain by a centaur skeleton

Illustrated notes

Levels and vault maps discovered:
D:1:      kb_arrival_jail, layout_rooms, ebering_ecumenical_altar_abandoned,
          supply_closet_lemuel
D:2:      minmay_razor_zed, layout_basic, uniq_jessica
D:3:      layout_basic, minmay_crystal_water
D:4:      layout_gridville, minitemple
D:5:      kennysheep_spiral_hall, layout_basic, lemuel_tele_altar, uniq_duvessa
D:6:      layout_basic, vehumet_crystals, minmay_temple_entry_antechambers
D:7:      layout_cave_pools, minmay_misc_feat_square

Skill      XL: |  1  2  3  4  5  6  7  8  9 |
---------------+----------------------------+-----
Spellcasting   | 3 4 5 6 8 9 |  9.3
Stealth        | 2 4 |  4.2
Fighting       | 1 |  1.1
Dodging        | 3 |  3.8
Short Blades   | |  0.1

Action                   |  1- 3 |  4- 6 |  7- 9 || total
-------------------------+-------+-------+-------++-------
Melee: Dagger            |       |     2 |    16 ||    18
 Cast: Foxfire           |    67 |   129 |   108 ||   304
       Sticky Flame      |       |       |     8 ||     8
       Fireball          |       |       |    55 ||    55
       Dazzling Flash    |       |       |     1 ||     1
  Use: Scroll            |       |       |     7 ||     7
 Stab: Sleeping          |       |       |     2 ||     2
Armor: Robe              |     2 |     3 |    14 ||    19
Dodge: Dodged            |    13 |    10 |    32 ||    55
